 Dungeon Crawl Stone Soup version 0.27-a0-972-gd1521fd518 (webtiles) character file.

Game seed: 10939377393347981368

1603 Alarkh the Insei (level 8, -3/61 HPs)
             Began as a Demonspawn Transmuter on Apr 13, 2021.
             Was an Initiate of Cheibriados.
             Splashed by an acid dragon's acid (12 damage)
             ... on level 8 of the Dungeon.
             The game lasted 00:10:43 (7992 turns).

Alarkh the Insei (Demonspawn Transmuter)            Turns: 7992, Time: 00:10:45

Health: -3/61      AC: -6    Str: 11    XL:     8   Next: 62%
Magic:  7/13       EV: 19    Int: 18    God:    Cheibriados [......]
Gold:   234        SH:  0    Dex: 20    Spells: 8/16 levels left

rFire    . . .     SeeInvis .     - Unarmed
rCold    . . .     Faith    .   (shield currently unavailable)
rNeg     . . .     Spirit   .   (armour currently unavailable)
rPois    x         Reflect  .   (helmet currently unavailable)
rElec    .         Harm     .   (cloak currently unavailable)
rCorr    .         Rampage  .   (gloves currently unavailable)
Will     .....                  (boots currently unavailable)
Stlth    ++........             d - amulet of the acrobat
HPRegen  0.20/turn              (no ring)
MPRegen  0.13/turn              (no ring)

@: mighty, spider-form, corroded, very slightly contaminated, very slow
A: venomous fangs, tiny, (sharp scales 2), demonic magic 1, (deformed body), low
mp 1, sense surroundings 1
a: End Transformation, Renounce Religion, Bend Time


You were on level 8 of the Dungeon.
You worshipped Cheibriados.
Cheibriados was noncommittal.
You were a venomous arachnid creature.
You visited 2 branches of the dungeon, and saw 7 of its levels.

You collected 234 gold pieces.

Inventory:

Missiles
 l - a throwing net
 m - 6 poisoned darts
Armour
 a - a +0 robe
 b - a +2 robe of fire resistance (melded)
 c - a +1 cloak of poison resistance (melded)
 j - a +1 hat (melded)
Jewellery
 d - an amulet of the acrobat (around neck)
 e - the ring "Ceixotwo" {rF+ rN+++ rCorr Str-4 Dex-5}
   (You found it on level 4 of the Dungeon)

   [ring of protection from fire]

   It affects your strength (-4).
   It affects your dexterity (-5).
   It protects you from fire.
   It renders you almost immune to negative energy.
   It protects you from acid and corrosion.
 n - an amulet of magic regeneration
Scrolls
 f - a scroll of holy word {unknown}
 h - 5 scrolls of teleportation
 i - a scroll of torment
 k - a scroll of fear {unknown}
 o - 3 scrolls of fog {unknown}
 p - a scroll of silence {unknown}
 r - a scroll of identify
 s - a scroll of blinking {unknown}
Potions
 g - a potion of curing


   Skills:
 + Level 4.8 Fighting
 - Level 1.7 Dodging
 * Level 6.9 Unarmed Combat
 + Level 4.7 Spellcasting
 + Level 4.8 Transmutations


You had 8 spell levels left.
You knew the following spells:

 Your Spells              Type           Power      Damage    Failure   Level
a - Beastly Appendage     Tmut           42%        N/A       8%          1
b - Spider Form           Tmut/Pois      6%         N/A       34%         3
c - Ice Form              Ice/Tmut       12%        N/A       67%         4

Your spell library contained the following spells:

 Spells                   Type           Power      Damage    Failure   Level
 Wereblood                Tmut           21%        N/A       11%         2
 Hydra Form               Tmut           10%        N/A       69%         5


Dungeon Overview and Level Annotations

Branches:
Dungeon (5/15)             Temple (1/1) D:5

Altars:
Ashenzari
Cheibriados
Dithmenos
Elyvilon
Fedhas
Gozag
Hepliaklqana
Kikubaaqudgha
Makhleb
Qazlal
Trog
Uskayaw
Vehumet
Wu Jian
Xom
Yredelemnul

Shops:
D:2 ?

Annotations:
D:3 1 runed translucent door, Lanoc's ghost, amateur MfFi


Innate Abilities, Weirdness & Mutations

You are a venomous arachnid creature.
You have poisonous fangs.
You are tiny and dextrous.
Your spellcasting is less reliable in this form.
Your armour is entirely melded.
You are incapable of wielding weapons or throwing items.
((You are mostly covered in razor-sharp scales. (AC +2, Slay +2)))
Spells you cast may paralyse adjacent enemies.
((Armour fits poorly on your strangely shaped body.))
Your magical capacity is low. (-10% MP)
You passively map a small area around you.


Message History

Items here: )))) [[[ ††.
Your transformation has ended.
Your +1 cloak of poison resistance unmelds from your body.
Your +1 hat unmelds from your body.
Your +2 robe of fire resistance unmelds from your body.
You feel resistant to poison.
You feel resistant to fire.
Magic restored.
HP restored.
Items here: )))) [[[ ††.
Things that are here:
a +0 dagger; a +0 robe
Found a leather armour.
An acid dragon comes into view.
An acid dragon is nearby!
The acid dragon roars!
The acid dragon spits acid at you. The splash of acid hits you.
The acid corrodes you!
You are splashed with acid!
The acid dragon spits acid at you. The splash of acid hits you.
The acid corrodes you!
You are splashed with acid!
Casting: Spider Form (dangerous; 16% risk of failure)
Confirm with . or Enter, or press ? or * to list all spells.
You miscast Spider Form.
You are very lightly contaminated with residual magic.
Nothing appears to happen.
Casting: Spider Form (dangerous; 16% risk of failure)
Confirm with . or Enter, or press ? or * to list all spells.
You turn into a venomous arachnid creature.
Your +1 cloak of poison resistance melds into your body.
Your +1 hat melds into your body.
Your +2 robe of fire resistance melds into your body.
You no longer feel resistant to poison.
You feel less resistant to fire. Malevolent energies surge around you.
You feel very mighty all of a sudden.
You hit the acid dragon.
The acid dragon is poisoned.
The acid dragon is lightly wounded.
The acid dragon spits acid at you. The splash of acid hits you!
* * * LOW HITPOINT WARNING * * *
The acid corrodes you!
You are splashed with acid!
You die...

*, #...#.....[.....##
#.###..##.###.#####.#
#....!.##.# #.# .# *
#.#.##..#.# #.# #
##D#.# #.# * *,*
#.#.# #.# * * ,, ,
#.#.# #.# * ,, , **
#.#.###.#### * ,
,..#####.#s.....[..
........D####.####
,#.#####.## * * ### *
* * , * * , , , , ,,*
, * , ** * , , ,


You could see an acid dragon (very poisoned, catching breath).

Vanquished Creatures
  Pikel (D:2)
  Duvessa (D:4)
  A sky beast (D:3)
  An ogre (D:5)
  4 lemures (D:3)
  A kobold brigand (D:4)
  A scorpion (D:5)
  A water moccasin zombie (D:5)
  Dowan (D:4)
  A howler monkey (D:5)
  2 bullfrog zombies (D:5)
  An orc priest (D:3)
  3 hounds
  Crazy Yiuf (D:2)
  3 iguanas
  3 orc wizards
  A killer bee zombie (D:8)
  A hound skeleton (D:4)
  6 gnolls
  6 adders
  A shadow imp (D:5)
  An ufetubus (D:5)
  An adder skeleton (D:4)
  A worm (D:3)
  4 dart slugs
  10 orcs
  5 endoplasms
  2 giant cockroaches (D:1)
  8 goblins
  3 hobgoblins
  6 jackals
  6 kobolds
  2 quokkas
  5 ball pythons
  3 bats
  3 frilled lizards
  5 rats
106 creatures vanquished.

Notes
Turn   | Place    | Note
-------+----------+-------------------------------------------
     0 | D:1      | Alarkh the Demonspawn Transmuter began the quest for the
                  | Orb.
     0 | D:1      | Reached XP level 1. HP: 15/15 MP: 3/3
   217 | D:1      | Gained mutation: You are partially covered in razor-sharp
                  | scales. (AC +1, Slay +1) [demonic ancestry]
   217 | D:1      | Reached XP level 2. HP: 21/21 MP: 3/5
   280 | D:1      | Reached skill level 3 in Unarmed Combat
   328 | D:1      | Found a faded altar of an unknown god.
   919 | D:2      | Reached XP level 3. HP: 15/26 MP: 6/6
  1626 | D:2      | Gained mutation: You are mostly covered in razor-sharp
                  | scales. (AC +2, Slay +2) [demonic ancestry]
  1626 | D:2      | Reached XP level 4. HP: 18/33 MP: 5/7
  1743 | D:2      | Found a runed translucent door.
  1744 | D:2      | Noticed Crazy Yiuf
  1954 | D:2      | Found Demeol's Magic Scroll Boutique.
  2109 | D:2      | Killed Crazy Yiuf
  2681 | D:3      | Reached XP level 5. HP: 30/38 MP: 7/9
  2888 | D:3      | Found a runed translucent door.
  2893 | D:3      | Noticed Lanoc's ghost (amateur MfFi)
  2995 | D:3      | Reached skill level 4 in Unarmed Combat
  3258 | D:4      | Noticed Pikel
  3258 | D:4      | Noticed a lemure
  3258 | D:4      | Noticed a lemure
  3258 | D:4      | Noticed a lemure
  3259 | D:4      | Noticed a lemure
  3328 | D:4      | Noticed a sky beast
  3339 | D:4      | Noticed Dowan
  3339 | D:4      | Noticed Duvessa
  3354 | D:3      | Killed a sky beast
  3355 | D:3      | Reached XP level 6. HP: 16/46 MP: 8/10
  5442 | D:3      | Learned a level 3 spell: Spider Form
  5447 | D:3      | Learned a level 4 spell: Ice Form
  5848 | D:2      | Killed Pikel
  5849 | D:2      | Reached skill level 5 in Unarmed Combat
  5849 | D:2      | Reached XP level 7. HP: 13/53 MP: 9/12
  6138 | D:4      | Identified the ring "Ceixotwo" {rF+ rN+++ rCorr Str-4
                  | Dex-5}
  6207 | D:4      | Killed Dowan
  6354 | D:4      | Killed Duvessa
  6568 | D:4      | Reached skill level 6 in Unarmed Combat
  6568 | D:4      | Gained mutation: Spells you cast may paralyse adjacent
                  | enemies. [demonic ancestry]
  6568 | D:4      | Reached XP level 8. HP: 59/60 MP: 5/14
  7265 | D:5      | Entered Level 5 of the Dungeon
  7344 | D:5      | Gained mutation: Armour fits poorly on your strangely
                  | shaped body. [potion of mutation]
  7344 | D:5      | Gained mutation: Your magical capacity is low. (-10% MP)
                  | [potion of mutation]
  7344 | D:5      | Gained mutation: You passively map a small area around you.
                  | [potion of mutation]
  7383 | D:5      | Found a staircase to the Ecumenical Temple.
  7391 | Temple   | Entered the Ecumenical Temple
  7579 | Temple   | Became a worshipper of Cheibriados the Contemplative
  7879 | D:5      | You fall into a shaft and drop 3 floors!
  7992 | D:8      | Splashed by an acid dragon's acid

Illustrated notes

Levels and vault maps discovered:
D:1:      lightli_arrival_statue_moat, layout_basic,
          ebering_ecumenical_altar_mist, chequers_serial_rivers_micro_b,
          minmay_circled_x
D:2:      wander_river, layout_basic, serial_shops,
          nicolae_shop_window_shopping, minmay_tromino_v4_a,
          uniq_crazy_yiuf_cottage
D:3:      layout_basic, ebering_ghost_sewer_d
D:4:      layout_basic, uniq_duvessa, uniq_pikel
D:5:      layout_rooms, gammafunk_temple_overflow_claw,
          minmay_temple_entry_junction
D:8:      layout_loops_ring, dpeg_oklobed_lair, serial_shops,
          kennysheep_mini_moat
Temple:   eino_temple_rhombus

Skill      XL: |  1  2  3  4  5  6  7 |
---------------+----------------------+-----
Unarmed Combat | 3 4 5 6 |  6.9
Transmutations | 2 3 4 |  4.8
Fighting       | 2 3 4 |  4.8
Spellcasting   | 3 4 |  4.7
Dodging        | |  1.7

Action                   |  1- 3 |  4- 6 |  7- 9 || total
-------------------------+-------+-------+-------++-------
Melee: Unarmed           |    68 |   159 |   135 ||   362
       Kick              |    13 |    25 |    16 ||    54
       Headbutt          |     9 |    20 |    13 ||    42
       Punch             |     1 |     1 |     3 ||     5
Throw: Throwing net      |       |     1 |       ||     1
 Cast: Beastly Appendage |    22 |    27 |    11 ||    60
       Spider Form       |       |     2 |     7 ||     9
  Use: Potion            |     1 |     4 |     3 ||     8
       Scroll            |     1 |     1 |     1 ||     3
 Stab: Sleeping          |       |     1 |       ||     1
       Paralysed         |       |       |     7 ||     7
Armor: Robe              |    10 |    28 |    27 ||    65
       Skin              |       |     1 |     2 ||     3
Dodge: Dodged            |    41 |    94 |    86 ||   221

Table legend: (Time is in decaauts)
 A = Elapsed time spent in this place.
 B = Non-inter-level travel time spent in this place.
 C = Inter-level travel time spent in this place.
 D = Time resting spent in this place.
 E = Time spent auto-exploring this place.
 F = Levels seen in this place.
 G = Mean time per level.
                   A        B        C        D        E       F      G
               +--------+--------+--------+--------+--------+-----+--------+
         Total |   8047 |   7603 |    444 |   2263 |   3976 |   7 | 1149.6 |
       Dungeon |   7838 |   7425 |    413 |   2263 |   3799 |   6 | 1306.3 |
        Temple |    208 |    178 |     30 |      0 |    177 |   1 |  208.0 |
               +--------+--------+--------+--------+--------+-----+--------+

Top non-repeatable levels by time:
     D:2: 2645 daAuts
     D:3: 2600 daAuts
     D:4: 1292 daAuts
     D:1: 884 daAuts
     D:5: 284 daAuts
  Temple: 208 daAuts
     D:8: 132 daAuts
